Unix NetHack Version 5.0.0-0 post-release - last build Jun 10 2026 00:39:30 (3ee93aec679c4c4259841fe613dc97188e26a321,branch:main).

Game began 2026-06-11 13:02:24, ended 2026-06-11 13:17:01.

LDaviesPeters, neutral female human Archeologist

  -.---
  |@a.|
  |...+
  |..$|
  |?:.|
  |....
  -----

LDaviesPeters the Field Worker  St:12 Dx:7 Co:14 In:18 Wi:14 Ch:11  Neutral
Dlvl:5  $:7  HP:0(21) Pw:15(15) AC:8  Xp:3 T:1629  Hungry  

Latest messages:
 You see here a murky potion (no charge).
 C - a murky potion.
 What do you want to use or apply? [abfg or ?*] b
 You put a cloudy potion into the sack.
 You put a murky potion into the sack.
 The little dog picks up a brown potion.
 You stop.  Your little dog is in the way!
 You hear the chime of a cash register.
 You swap places with your little dog.
 The little dog drops a brown potion.
 You see here a brown potion.
 The little dog misses it.
 You have a little trouble lifting a brown potion.  Continue? [ynq] (q) y
 You have a little trouble lifting D - a brown potion.
 Your movements are slowed slightly because of your load.
 The little dog bites it.
 Your little dog eats a giant rat corpse.
 You fall down the stairs.
 What do you want to drop? [a-df-imoqrwD or ?*] b
 You drop an uncursed sack containing 10 items.
 Your movements are now unencumbered.
 You are beginning to feel hungry.
 The door resists!
 The door opens.
 You see here a scroll labeled GARVEN DEH.
 You decipher the label on your scroll labeled GARVEN DEH.
 E - a scroll of magic mapping.
 You see here 7 gold pieces.
 $ - 7 gold pieces.
 You hear the footsteps of a guard on patrol.
 There's some graffiti on the floor here.
 You read: "Soneonc's be?r s iking ?he pit?!"
 You hear water falling on coins.
 You descend the stairs.
 You lash the giant ant.
 The giant ant bites!
 You miss the giant ant.
 The giant ant bites!
 The giant ant bites!
 You miss the giant ant.
 The giant ant bites!
 The giant ant bites!
 You miss the giant ant.
 The giant ant bites!
 The giant ant bites!
 You miss the giant ant.
 The giant ant bites!
 The giant ant bites!
 You die...
 Do you want your possessions identified? [ynq] (y) q

Inventory:
 Coins    ('$')
  $ - 7 gold pieces
 Weapons  (')')
  m - 28 +0 darts
  w - a blessed +2 elven dagger
  a - a blessed +2 bullwhip (weapon in right hand)
 Armor    ('[')
  c - an uncursed +0 fedora
  q - an uncursed +0 orcish helm (being worn)
  h - a blessed +0 leather jacket (being worn)
 Comestibles  ('%')
  i - an uncursed banana
  d - 7 uncursed food rations
 Scrolls  ('?')
  E - an uncursed scroll of magic mapping
  r - an uncursed scroll of teleportation
 Potions  ('!')
  D - a blessed potion of invisibility
 Tools    ('(')
  f - a tinning kit (0:87)
 Gems/Stones  ('*')
  o - a cursed chrysoberyl stone
  g - an uncursed touchstone

LDaviesPeters the Archeologist's attributes:

Background:
 You were a Field Worker, a level 3 female human Archeologist.
 You were neutral, nominally on a mission for Camaxtli
 who was opposed by Quetzalcoatl (lawful) and Huhetotl (chaotic).
 You were right-handed.
 You were in the Dungeons of Doom, on level 5.
 You entered the dungeon 1629 turns ago.
 You had 53 experience points, 27 more were needed to attain level 4.

Basics:
 You had 0 out of 21 hit points.
 You had all 15 energy points (spell power).
 Your armor class was 8.
 Your wallet contained 7 zorkmids.
 Autopickup was off.

Final Characteristics:
 Your strength was 12 (limit:18/100).
 Your dexterity was 7 (limit:18).
 Your constitution was 14 (limit:18).
 Your intelligence was 18 (limit:18).
 Your wisdom was 14 (limit:18).
 Your charisma was 11 (limit:18).

Final Status:
 You were hungry.
 You were unencumbered.
 You were wielding a whip.
 You had basic skill with whip.

Final Attributes:
 You were devoutly aligned.
 You had automatic searching.
 You are dead.

Miscellaneous:
 You didn't encounter any bones levels.
 Total elapsed playing time was 14 minutes and 36 seconds.

Major events:
 Turn
    1: LDaviesPeters the neutral female human Archeologist entered the dungeon
  743: entered the Gnomish Mines
  784: attained the rank of Field Worker (level 3)
 1629: killed by a giant ant

You didn't know any spells.

Skills:
 Fighting Skills
   bare handed combat [Unskilled]
   two weapon combat  [Unskilled]
   riding             [Unskilled]
 Weapon Skills
   dagger             [Unskilled]
   knife              [Unskilled]
   pick-axe           [Basic]
   short sword        [Unskilled]
   saber              [Unskilled]
   club               [Unskilled]
   quarterstaff       [Unskilled]
   sling              [Unskilled]
   dart               [Unskilled]
   boomerang          [Unskilled]
   whip               [Basic]
   unicorn horn       [Unskilled]
 Spellcasting Skills
   attack spells      [Unskilled]
   healing spells     [Unskilled]
   divination spells  [Unskilled]
   matter spells      [Unskilled]

Voluntary challenges:
 Character rerolling was not enabled.
 You were an atheist.
 You never genocided any monsters.
 You never polymorphed an object.
 You never changed form.
 You used no wishes.
Achievements:
 You entered the Gnomish Mines.
 You attained the rank of Field Worker.
 You entered a shop.

 The Dungeons of Doom: levels 1 to 5
    Level 1:
    Level 2:
       Some fountains.
       Stairs down to The Gnomish Mines.
    Level 3:
       A potion shop, a sink.
    Level 4:
    Level 5: <- You were here.
       Final resting place for
          you, killed by a giant ant.
 The Gnomish Mines:
    Level 3:


Vanquished creatures:
 an acid blob
  a gas spore
  a hobbit
  3 giant rats
  a gnome zombie
  a gecko
  8 jackals
  2 goblins
  a sewer rat
  3 grid bugs
  4 lichens
  7 newts
33 creatures vanquished.

No species were genocided or became extinct.

Game over:
                       ----------
                      /          \
                     /    REST    \
                    /      IN      \
                   /     PEACE      \
                  /                  \
                  |  LDaviesPeters   |
                  |       7 Au       |
                  |   killed by a    |
                  |    giant ant     |
                  |                  |
                  |                  |
                  |       2026       |
                 *|     *  *  *      | *
        _________)/\\_//(\/(/\)/\//\/|_)_______

Goodbye LDaviesPeters the Archeologist...

You died in The Dungeons of Doom on dungeon level 5 with 419 points,
and 7 pieces of gold, after 1629 moves.
You were level 3 with a maximum of 21 hit points when you died.

